 Dungeon Sprint DCSS version 0.21-a0-110-g8e1637b (webtiles) character file.

10 Kidiri the Sneak (level 2, -5/14 HPs)
             Began as a Spriggan Enchanter on July 9, 2017.
             Slain by a merfolk siren
             ... wielding a +0 spear
              (14 damage)
             ... in the Dungeon (Sprint II: "The Violet Keep of Menkaure").
             The game lasted 00:01:22 (88 turns).

Kidiri the Sneak (Spriggan Enchanter)                 Turns: 88, Time: 00:01:23

Health: -5/14      AC:  2    Str:  4    XL:     2   Next: 10%
Magic:  7/7        EV: 19    Int: 16    God:
Gold:   243        SH:  0    Dex: 16    Spells: 4/7 levels left

rFire    . . .     SeeInvis +   a - +1 dagger
rCold    . . .     Gourm    .   (shield restricted)
rNeg     . . .     Faith    .   b - +0 robe
rPois    .         Spirit   .   (helmet restricted)
rElec    .         Reflect  .   (no cloak)
rCorr    .         Harm     .   (gloves unavailable)
MR       .....     NoTele   +   (boots unavailable)
Stlth    +++.......             (no amulet)
HPRegen  0.04/turn              (no ring)
MPRegen  0.10/turn              (no ring)

@: mesmerised, very quick
A: unfitting armour, see invisible, herbivore 3, speed 3, slow metabolism 2
a: no special abilities


You were in the Dungeon.
You were not hungry.

You visited 1 branch You collected 243 gold pieces.

Inventory:

Hand Weapons
 a - a +1 dagger (weapon)
Armour
 b - a +0 robe (worn)
Scrolls
 j - a scroll of blinking
Potions
 e - a potion of curing
 f - a potion of heal wounds
 g - a potion of haste
 h - 2 potions of magic
Books
 c - a book of Maledictions

   Spells                             Type                      Level
   a - Corona                         Hexes                        1
   b - Ensorcelled Hibernation        Hexes/Ice                    2
   c - Confuse                        Hexes                        3
   d - Tukima's Dance                 Hexes                        3
   e - Dazzling Spray                 Conjuration/Hexes            3
Comestibles
 d - a bread ration


   Skills:
 + Level 0.8 Fighting
 * Level 2.2 Short Blades
 + Level 0.3 Armour
 * Level 3.8 Dodging
 * Level 5.1 Stealth
 * Level 3.4 Spellcasting
 + Level 4.1 Hexes


You had 4 spell levels left.
You knew the following spells:

 Your Spells              Type           Power        Failure   Level  Hunger
a - Corona                Hex            ###....      3%          1    None
b - Ensorcelled Hibernat  Hex/Ice        #.....       12%         2    ##.....


Dungeon Overview and Level Annotations

Branches:
Dungeon (1/1)

Altars:


Innate Abilities, Weirdness & Mutations

You are very small and have problems with some larger weapons.
You are too small for most types of armour.
You have supernaturally acute eyesight. (SInv)
You are a herbivore.
You cover ground extremely quickly.
You need consume almost no food.


Message History

You are no longer entranced.
The necrophage completely misses you.
A merfolk siren opens the door.
You see here 2 chunks of flesh.
You open the door. The necrophage misses you.
There is an open door here.
You hit the necrophage.
The necrophage is lightly damaged.
The merfolk siren chants a haunting song.
You are mesmerised by the merfolk siren!
The necrophage barely misses you.
You closely miss the necrophage.
The necrophage is lightly damaged.
The merfolk siren chants its luring song.
The necrophage hits you.
You hit the necrophage but do no damage.
The necrophage is lightly damaged.
The merfolk siren hits you from afar with a spear!
Ouch! That really hurt!
You die... ## ## ##. .## ..#.. # .$. # ##. #n# H# #...##.##.# #$'mnn+#

#...##n##$#
##. ##@##
H# # #.#.##
# #.##..#
###..##
#+##


You could see a merfolk siren and 4 necrophages.

Vanquished Creatures
  3 worms (D)
3 creatures vanquished.

Vanquished Creatures (others)
  A crocodile (D)
1 creature vanquished.

Grand Total: 4 creatures vanquished

Notes
Turn   | Place    | Note
-------+----------+-------------------------------------------
     0 | D        | Kidiri the Spriggan Enchanter began the quest for the Orb.
     0 | D        | Reached XP level 1. HP: 9/9 MP: 5/5
    14 | D        | Reached skill level 5 in Stealth
    14 | D        | Reached XP level 2. HP: 14/14 MP: 7/7
    34 | D        | Learned a level 2 spell: Ensorcelled Hibernation
    47 | D        | Killed a crocodile
    71 | D        | Noticed a merfolk siren
    75 | D        | Noticed a hippogriff
    75 | D        | Noticed a hippogriff
    78 | D        | Noticed a necrophage
    78 | D        | Noticed a necrophage
    78 | D        | Noticed a necrophage
    78 | D        | Noticed a necrophage
    88 | D        | Slain by a merfolk siren

Vault maps used:
D:        the_violet_keep_of_menkaure

Skill      XL: |  1 |
---------------+----+-----
Spellcasting   | 3 |  3.4
Short Blades   | 2 |  2.2
Stealth        | 5 |  5.1
Hexes          | 4 |  4.1
Fighting       | |  0.8
Armour         | |  0.3
Dodging        | |  3.8

Action                   || total
-------------------------++-------
Melee: Dagger            ||    11
  Use: Potion            ||     1
Dodge: Dodged            ||     6
